 Dungeon Crawl Stone Soup version 0.29.0-4-gdea44cf6ec (webtiles) character file.

Game seed: 10954604949673985101

56 qw the Ruffian (level 3, 0/28 HPs)
             Began as a Ghoul Fire Elementalist on Aug 29, 2022.
             Slain by a gnoll
             ... wielding a +0 whip
              (3 damage)
             ... on level 3 of the Dungeon.
             The game lasted 00:01:45 (1769 turns).

qw the Ruffian (Ghoul Fire Elementalist)            Turns: 1769, Time: 00:01:45

Health: 0/28       AC:  8    Str: 13    XL:     3   Next: 95%
Magic:  4/4        EV:  5    Int: 10    God:
Gold:   193        SH:  0    Dex:  9    Spells: 4/5 levels left

rFire   + . .      SeeInvis .     - Unarmed
rCold   + . .      Faith    .   (no shield)
rNeg    + + +      Spirit   .   n - +0 chain mail
rPois   inf        Reflect  .   (no helmet)
rElec   .          Harm     .   (no cloak)
rCorr   .          Rampage  .   (no gloves)
Will    .....                   (no boots)
Stlth   ..........              (no amulet)
HPRegen 0.00/turn               m - ring of protection from fire
MPRegen 0.09/turn               (no ring)

@: inhibited regen
A: claws 1, cold resistance 1, negative energy resistance 3, inhibited
regeneration, torment resistance 2, devour on kill
a: no special abilities


You were on level 3 of the Dungeon.
You visited 1 branch of the dungeon, and saw 3 of its levels.

You collected 193 gold pieces.


Innate Abilities, Weirdness & Mutations

You are immune to poison.
You have sharp fingernails.
Your flesh is cold resistant. (rC+)
You are immune to negative energy. (rN+++)
You do not regenerate when monsters are visible.
You are immune to unholy pain and torment.
You thrive by killing the living.


   Skills:
 - Level 1.1 Fighting
 - Level 1.7 Dodging
 - Level 2.1 Stealth
 + Level 3.4 Unarmed Combat
 - Level 1.7 Spellcasting
 - Level 0.7 Conjurations
 - Level 2.4 Fire Magic


You had 4 spell levels left.
You knew the following spells:

 Your Spells              Type           Power      Damage    Failure   Level
a - Foxfire               Conj/Fire      16%        2x1d4     99%         1

Your spell library contained the following spells:

 Spells                   Type           Power      Damage    Failure   Level
 Scorch                   Fire           10%        2d5       100%        2
 Conjure Flame            Conj/Fire      4%         6-21      100%        3
 Inner Flame              Hex/Fire       3%         N/A       100%        3
 Flame Wave               Conj/Fire      4%         2d5       100%        4

Inventory:

Armour
 n - a +0 chain mail (worn)
Jewellery
 m - a ring of protection from fire (left claw)
Potions
 b - a potion of might {unknown}
 c - a potion of degeneration {unknown}
 d - a potion of berserk rage {unknown}
 f - a potion of resistance {unknown}
 g - a potion of cancellation {unknown}
 h - a potion of mutation {unknown}
 j - a potion of heal wounds {unknown}

Dungeon Overview and Level Annotations

Branches:
Dungeon (3/15)

Altars:


Message History

You start resting.
HP restored.
Items here: %%%% ))) [.
An orc and 2 gnolls come into view.
The orc shouts!
The gnoll shouts!
A gnoll comes into view. It is wielding a +0 whip.
A gnoll comes into view. It is wielding a +0 halberd.
The gnoll shouts! x2
Found a book of Rime.
The gnoll hits you but does no damage. The gnoll hits you with a +0 spear.
You scratch the gnoll but do no damage. You scratch the gnoll.
The gnoll is heavily wounded.
The gnoll barely misses you. The orc hits you but does no damage.
The gnoll hits you but does no damage.
You closely miss the gnoll.
The gnoll is heavily wounded.
The gnoll barely misses you. The gnoll hits you but does no damage.
The gnoll barely misses you. The gnoll hits you but does no damage.
The orc hits you but does no damage.
You scratch the gnoll.
The gnoll is almost dead.
The gnoll hits you from afar with a +0 halberd.
The gnoll hits you with a +0 whip. The gnoll barely misses you.
The orc hits you but does no damage. The gnoll hits you with a +0 spear.
You scratch the gnoll.
The gnoll is almost dead.
The gnoll hits you but does no damage.
The gnoll hits you from afar with a +0 halberd.
The gnoll hits you but does no damage. x2; The orc barely misses you.
You scratch the gnoll.
You kill the gnoll!
You feel better. The gnoll hits you but does no damage.
The gnoll hits you with a +0 whip. The gnoll hits you but does no damage.
The orc hits you but does no damage.
You scratch the gnoll but do no damage.
The gnoll hits you from afar with a +0 halberd.
The gnoll hits you with a +0 whip.
You die...

#.# ..#.... .##### #.#
#.#.#.###...... #.##
###.............. #...
........#....... ###.
.. #............:.
#...
...#......#gg.....
#.## .........o)......
#.# #.(...@g...... #.#
###.################<#
##.######.###.......#
#..).......##.#######
##.####..........# ###
#.#...#.##.# #.#...#.#
# #.#.....# #.##..###


You could see 3 gnolls and an orc.

Vanquished Creatures
  A gnoll (D:3)
  A worm (D:3)
  3 orcs (D:3)
  An endoplasm (D:2)
  5 giant cockroaches
  3 goblins
  5 hobgoblins (D:2)
  A kobold (D:1)
  A quokka (D:1)
  3 ball pythons
  5 bats
  6 frilled lizards
  5 rats
40 creatures vanquished.

Notes
Turn   | Place    | Note
-------+----------+-------------------------------------------
     0 | D:1      | qw the Ghoul Fire Elementalist began the quest for the Orb.
     0 | D:1      | Reached XP level 1. HP: 14/14 MP: 2/2
     0 | D:1      | 0 ||| qw: Version: 0.1-a-90-g952f4b7
     0 | D:1      | 0 ||| qw: Game counter: 4174
     0 | D:1      | 0 ||| qw: Always use a shield: true
     0 | D:1      | 0 ||| qw: God list: Okawaru
     0 | D:1      | 0 ||| qw: Allow faded altars: false
     0 | D:1      | 0 ||| qw: Do Orc after D:15 true
     0 | D:1      | 0 ||| qw: Do second Lair branch before Depths: true
     0 | D:1      | 0 ||| qw: Lair rune preference: random
     0 | D:1      | 0 ||| qw: Plans: Normal
     0 | D:1      | 0 ||| PLANNING D:1-11
   160 | D:1      | Reached skill level 1 in Unarmed Combat
   352 | D:1      | Reached XP level 2. HP: 22/22 MP: 3/3
   365 | D:1      | Reached skill level 1 in Fighting
   783 | D:1      | 783 ||| UPGRADING to +0 leather armour.
   793 | D:1      | 793 ||| DROPPING +0 robe.
   794 | D:1      | 794 ||| DROPPING potion of magic.
   906 | D:2      | Reached skill level 2 in Unarmed Combat
  1062 | D:2      | Reached XP level 3. HP: 28/28 MP: 4/4
  1157 | D:2      | 1157 ||| Stepping ~*~*~tactically~*~*~ (stealth).
  1171 | D:2      | 1171 ||| Stepping ~*~*~tactically~*~*~ (stealth).
  1192 | D:2      | 1192 ||| Stepping ~*~*~tactically~*~*~ (stealth).
  1194 | D:2      | 1194 ||| Stepping ~*~*~tactically~*~*~ (stealth).
  1196 | D:2      | 1196 ||| Stepping ~*~*~tactically~*~*~ (stealth).
  1198 | D:2      | 1198 ||| Stepping ~*~*~tactically~*~*~ (stealth).
  1387 | D:2      | Found a faded altar of an unknown god.
  1568 | D:2      | 1568 ||| DROPPING orb of light.
  1569 | D:2      | 1569 ||| UPGRADING to +0 ring mail.
  1579 | D:2      | 1579 ||| DROPPING +0 leather armour.
  1580 | D:2      | 1580 ||| UPGRADING to +0 chain mail.
  1590 | D:2      | 1590 ||| DROPPING +0 ring mail.
  1591 | D:2      | 1591 ||| UPGRADING to ring of protection from fire.
  1592 | D:2      | 1592 ||| READING scroll labelled IQA HUICLOLODGH.
  1593 | D:2      | 1593 ||| READING scroll labelled YPPAT ITEUPYIXIA.
  1712 | D:3      | 1712 ||| Stepping ~*~*~tactically~*~*~ (stealth).
  1714 | D:3      | 1714 ||| Stepping ~*~*~tactically~*~*~ (stealth).
  1716 | D:3      | 1716 ||| Stepping ~*~*~tactically~*~*~ (stealth).
  1724 | D:3      | Reached skill level 3 in Unarmed Combat
  1769 | D:3      | HP: 3/28 [gnoll/+0 halberd (5)]
  1769 | D:3      | Slain by a gnoll

Levels and vault maps discovered:
D:1:      minmay_arrival_five_plusses, layout_rooms, minivault_26,
          hangedman_decor_growths
D:2:      minmay_inner_zag, layout_rooms, chequers_ecumenical_altar_twisty,
          minmay_misc_feat_four_crosses, wander_ebering_terrifying_dragon_lair
D:3:      minmay_razor_zed, layout_loops_cross, chequers_serial_rivers_room_b,
          uniq_sigmund, uniq_crazy_yiuf_cottage, uniq_grinder

Skill      XL: |  1  2  3 |
---------------+----------+-----
Unarmed Combat | 1 2 3 |  3.4
Fighting       | 1 |  1.1
Dodging        | |  1.7
Stealth        | |  2.1
Spellcasting   | |  1.7
Conjurations   | |  0.7
Fire Magic     | |  2.4

Action                   || total
-------------------------++-------
Melee: Unarmed           ||   142
       Punch             ||     1
  Use: Scroll            ||     2
 Stab: Sleeping          ||     2
Armor: Robe              ||     8
       Leather armour    ||    18
       Chain mail        ||    15
Dodge: Dodged            ||    79

Table legend:
 A = Non-vault XP
 B = Vault XP
 C = Vault XP percentage of total XP
 D = Non-vault monster count
 E = Vault monster count
 F = Vault count percentage of total count
                 A         B        C        D         E       F
            +---------+---------+-------+---------+---------+-------
      Total |      70 |      10 |  12.5 |      33 |       7 |  17.5
            +---------+---------+-------+---------+---------+-------
        D:1 |      18 |       0 |   0.0 |      12 |       0 |   0.0
        D:2 |      25 |      10 |  28.6 |      16 |       7 |  30.4
        D:3 |      27 |       0 |   0.0 |       5 |       0 |   0.0
            +---------+---------+-------+---------+---------+-------
